 Dungeon Crawl Stone Soup version 0.31-a0-844-gdc52ec4e09 (webtiles) character file.

Game seed: 4059422724956102290

236 thriggle the Ruffian (level 6, -3/42 HPs)
             Began as a Gnoll Shapeshifter on Sept 29, 2023.
             Was a Follower of Cheibriados.
             Slain by a gnoll
             ... wielding a +0 spear
             ... led by a gnoll sergeant
              (5 damage)
             ... on level 4 of the Dungeon.
             The game lasted 00:09:36 (2899 turns).

thriggle the Ruffian (Gnoll Shapeshifter)           Turns: 2899, Time: 00:09:37

Health: -3/42      AC:  2    Str: 19      XL:     6   Next: 6%
Magic:  8/8        EV: 13    Int:  9 (12) God:    Cheibriados [*.....]
Gold:   100        SH:  0    Dex: 13 (14) Spells: 8/8 levels left

rFire   . .          .
                       - Unarmed
rCold   . . .        (no shield)
rNeg    + . .        a - +0 animal skin
rPois   .            (helmet currently unavailable)
rElec   .            s - melded +0 cloak
rCorr   .            (gloves currently unavailable)
SInv    .            (boots currently unavailable)
Will    .....        (no amulet)
Stlth   ++           f - ring of positive energy
HPRegen 0.27/turn    (no ring)
MPRegen 0.11/turn

%: no passive effects
@: beast-form, very slow
A: beast (slay +3), fangs 1, strong nose, distributed training, deterioration 1,
frail 1, evolution 1, noise suppression
a: Begin Untransformation, Renounce Religion, Bend Time


You were on level 4 of the Dungeon.
You worshipped Cheibriados.
Cheibriados was aware of your devotion.
You were a hulking beast.
You visited 1 branch of the dungeon, and saw 4 of its levels.

You collected 100 gold pieces.

Inventory:

Hand Weapons
 l - a +0 spear
 r - the +3 hammer "Backscratcher" {protect, Drain Dex+5 Stlth+}
   (You found it on level 3 of the Dungeon)

   Dex+5:     It affects your dexterity (+5).
   Drain:     It drains your maximum health when unequipped.
   Stlth+:    It makes you more stealthy.
Missiles
 i - 34 stones
Armour
 a - a +0 animal skin (worn)
 s - a +0 cloak (melded)
Jewellery
 f - a ring of positive energy (left hand)
Talismans
 c - a beast talisman (active)
 d - a flux talisman
Scrolls
 e - a scroll of fear
 j - a scroll of teleportation
 m - 4 scrolls of identify {unknown}
 p - a scroll of poison {unknown}
 q - a scroll of enchant weapon {unknown}
Potions
 b - a potion of lignification
 g - a potion of brilliance
 h - 2 potions of curing
 k - 2 potions of cancellation
 n - a potion of degeneration {unknown}
 o - a potion of mutation


   Skills:
 + Level 3.1 Fighting
 + Level 1.8 Short Blades
 + Level 1.8 Long Blades
 + Level 1.8 Axes
 + Level 1.8 Maces & Flails
 + Level 1.8 Polearms
 + Level 1.8 Staves
 + Level 1.8 Ranged Weapons
 + Level 1.8 Throwing
 + Level 1.8 Armour
 + Level 4.9 Dodging
 + Level 1.8 Stealth
 + Level 1.8 Shields
 + Level 6.8 Unarmed Combat
 + Level 1.8 Spellcasting
 + Level 1.4 Conjurations
 + Level 1.4 Hexes
 + Level 1.4 Summonings
 + Level 1.4 Necromancy
 + Level 1.4 Translocations
 + Level 1.4 Transmutations
 + Level 1.4 Fire Magic
 + Level 1.4 Ice Magic
 + Level 1.4 Air Magic
 + Level 1.4 Earth Magic
 + Level 1.4 Poison Magic
 + Level 2.0 Invocations
 + Level 1.8 Evocations
 + Level 6.7 Shapeshifting


You had 8 spell levels left.
You didn't know any spells.
Your spell library was empty.

Dungeon Overview and Level Annotations

Branches:
Dungeon (4/15)
 Temple: D:4-7

Altars:
Cheibriados
Nemelex Xobeh


Innate Abilities, Weirdness & Mutations

You are a hulking beast.
Your limbs bulge with bestial killing power. (Slay +3)
You have very sharp teeth.
Your uncanny sense of smell can sniff out nearby items.
Your experience applies equally to all skills.
Your body sometimes deteriorates upon taking damage.
You are frail. (-10% HP)
You have hidden genetic potential.
You passively dampen the noise of your surroundings.


Message History

Done exploring.
Done exploring.
You see here a +0 hammer.
There is a snail-covered altar of Cheibriados here.
There is a stone staircase leading up here.
There is a stone staircase leading down here.
You climb downwards.
There is a stone staircase leading up here.
The dart slug closely misses you.
You punch the dart slug!
The dart slug is almost dead.
You hit the dart slug.
You kill the dart slug!
You open the door.
A gnoll sergeant and 3 gnolls come into view.
The gnoll sergeant is wielding a +1 heavy spear.
A gnoll is wielding a +0 spear.
The gnoll shouts! x3
Found a tubular silver ring.
You punch the gnoll!
You kill the gnoll!
Cheibriados appreciates the change of pace.
The gnoll throws a throwing net.
The throwing net hits you.
You become entangled in the net!
The gnoll sergeant hits you from afar with a +1 heavy spear!
You tear a large gash into the net.
The gnoll hits you from afar with a +0 spear.
The gnoll sergeant hits you from afar with a +1 heavy spear!!
Your body deteriorates!
You feel dopey.
You struggle against the net.
The gnoll hits you from afar with a +0 spear.
* * * LOW HITPOINT WARNING * * *
You struggle against the net.
The gnoll sergeant hits you from afar with a +1 heavy spear.
* * * LOW HITPOINT WARNING * * *
Your body deteriorates!
You feel clumsy.
The gnoll hits you from afar with a +0 spear.
* * * LOW HITPOINT WARNING * * *
You rip the net and break free!
The gnoll hits you from afar with a +0 spear.
You die...

..##.## #.##..
#.##.# ####.##.###
# #.........# .#
#.....<...# ..#
#.........##..#
#........≈≈≈≈.≈≈≈≈#
...#.....≈##≈h≈##≈#
#........≈###g##
#.#.....≈≈


gg. .. #.....≈≈#...# # ##....≈≈#.=.# ..###≈###### You could see a gnoll sergeant
and 2 gnolls.

Vanquished Creatures
  Crazy Yiuf (D:3)
  Natasha (D:2)
  8 gnolls
  2 adders (D:2)
  5 dart slugs
  5 orcs
  6 endoplasms
  3 giant cockroaches (D:2)
  9 hobgoblins
  5 jackals
  3 quokkas
  5 ball pythons
  5 bats
  2 frilled lizards (D:2)
  2 goblins
  8 kobolds
  6 rats
76 creatures vanquished.

Notes
Turn   | Place    | Note
-------+----------+-------------------------------------------
     0 | D:1      | thriggle the Gnoll Shapeshifter began the quest for the
                  | Orb.
     0 | D:1      | Reached XP level 1. HP: 17/17 MP: 1/1
   167 | D:1      | Reached XP level 2. HP: 23/23 MP: 2/2
   839 | D:2      | Reached XP level 3. HP: 23/28 MP: 3/3
   999 | D:2      | Reached skill level 1 in Invocations
  1128 | D:2      | Reached skill level 1 in Short Blades
  1128 | D:2      | Reached skill level 1 in Long Blades
  1128 | D:2      | Reached skill level 1 in Axes
  1128 | D:2      | Reached skill level 1 in Maces & Flails
  1128 | D:2      | Reached skill level 1 in Polearms
  1128 | D:2      | Reached skill level 1 in Staves
  1128 | D:2      | Reached skill level 1 in Ranged Weapons
  1128 | D:2      | Reached skill level 1 in Throwing
  1128 | D:2      | Reached skill level 1 in Armour
  1128 | D:2      | Reached skill level 1 in Stealth
  1128 | D:2      | Reached skill level 1 in Shields
  1128 | D:2      | Reached skill level 1 in Spellcasting
  1128 | D:2      | Reached skill level 1 in Evocations
  1132 | D:2      | Reached XP level 4. HP: 10/34 MP: 5/5
  1244 | D:2      | Reached skill level 1 in Conjurations
  1244 | D:2      | Reached skill level 1 in Hexes
  1244 | D:2      | Reached skill level 1 in Summonings
  1244 | D:2      | Reached skill level 1 in Necromancy
  1244 | D:2      | Reached skill level 1 in Translocations
  1244 | D:2      | Reached skill level 1 in Transmutations
  1244 | D:2      | Reached skill level 1 in Fire Magic
  1244 | D:2      | Reached skill level 1 in Ice Magic
  1244 | D:2      | Reached skill level 1 in Air Magic
  1244 | D:2      | Reached skill level 1 in Earth Magic
  1244 | D:2      | Reached skill level 1 in Poison Magic
  1421 | D:2      | Reached XP level 5. HP: 19/40 MP: 5/7
  1459 | D:2      | Gained mutation: You are frail. (-10% HP) [potion of
                  | mutation]
  1459 | D:2      | Gained mutation: Your body sometimes deteriorates upon
                  | taking damage. [potion of mutation]
  1459 | D:2      | Gained mutation: You passively dampen the noise of your
                  | surroundings. [potion of mutation]
  1459 | D:2      | Gained mutation: You have hidden genetic potential. [potion
                  | of mutation]
  1767 | D:3      | Noticed Natasha
  1773 | D:2      | Killed Natasha
  2323 | D:3      | Found a faded altar of an unknown god.
  2331 | D:3      | Prayed at the altar of an unknown god.
  2331 | D:3      | Became a worshipper of Cheibriados the Contemplative
  2331 | D:3      | Reached * piety under Cheibriados
  2519 | D:3      | Found a sparkling altar of Nemelex Xobeh.
  2763 | D:3      | Found a runed translucent door.
  2764 | D:3      | Noticed Crazy Yiuf
  2774 | D:3      | Killed Crazy Yiuf
  2775 | D:3      | Reached XP level 6. HP: 21/42 MP: 8/8
  2776 | D:3      | Identified the +3 hammer "Backscratcher" {protect, Drain
                  | Dex+5 Stlth+}
  2898 | D:4      | HP: 2/42 [gnoll sergeant/+1 heavy spear (6)]
  2899 | D:4      | Slain by a gnoll

Illustrated notes

Levels and vault maps discovered:
D:1:      pf_arrival_petrified_forest, layout_basic
D:2:      minmay_wonky_spiral, layout_basic, minmay_ruptured
D:3:      layout_loops_corners, nicolae_overflow_hidden_temple,
          ebering_ecumenical_altar_hall, uniq_crazy_yiuf_cottage, uniq_natasha
D:4:      layout_rooms, nicolae_ru_sacrificial_ziggurat,
          minmay_temple_entry_mini_moons, eino_small_chamber_without_monster,
          nicolae_shop_fire_sale [nicolae_sub_dead_trees], lightli_minifort

Skill      XL: |  1  2  3  4  5 |
---------------+----------------+-----
Invocations    | 1 2 |  2.0
Short Blades   | 1 |  1.8
Long Blades    | 1 |  1.8
Axes           | 1 |  1.8
Maces & Flails | 1 |  1.8
Polearms       | 1 |  1.8
Staves         | 1 |  1.8
Ranged Weapons | 1 |  1.8
Throwing       | 1 |  1.8
Armour         | 1 |  1.8
Stealth        | 1 |  1.8
Shields        | 1 |  1.8
Spellcasting   | 1 |  1.8
Evocations     | 1 |  1.8
Conjurations   | 1 |  1.4
Hexes          | 1 |  1.4
Summonings     | 1 |  1.4
Necromancy     | 1 |  1.4
Translocations | 1 |  1.4
Transmutations | 1 |  1.4
Fire Magic     | 1 |  1.4
Ice Magic      | 1 |  1.4
Air Magic      | 1 |  1.4
Earth Magic    | 1 |  1.4
Poison Magic   | 1 |  1.4
Fighting       | 3 |  3.1
Dodging        | |  4.9
Unarmed Combat | |  6.8
Shapeshifting  | |  6.7

Action                     |  1- 3 |  4- 6 || total
---------------------------+-------+-------++-------
  Melee: Unarmed           |    67 |   112 ||   179
         Bite              |     3 |     9 ||    12
         Dagger            |     7 |       ||     7
         Punch             |     3 |     4 ||     7
  Throw: Stone             |     1 |       ||     1
    Use: Potion            |       |     5 ||     5
         Scroll            |       |     4 ||     4
   Stab: Sleeping          |     1 |     4 ||     5
         Distracted        |       |     1 ||     1
 Armour: Animal skin       |    34 |    54 ||    88
  Dodge: Dodged            |    36 |    62 ||    98
   Form: Flux              |       |     1 ||     1
         Beast             |       |     1 ||     1

Table legend: (Time is in decaauts)
 A = Elapsed time spent in this place.
 B = Non-inter-level travel time spent in this place.
 C = Inter-level travel time spent in this place.
 D = Time resting spent in this place.
 E = Time spent auto-exploring this place.
 F = Levels seen in this place.
 G = Mean time per level.
                   A        B        C        D        E       F      G
               +--------+--------+--------+--------+--------+-----+--------+
         Total |   3039 |   2930 |    109 |      0 |   2178 |   4 |  759.8 |
       Dungeon |   3039 |   2930 |    109 |      0 |   2178 |   4 |  759.8 |
               +--------+--------+--------+--------+--------+-----+--------+

Top non-repeatable levels by time:
     D:3: 1216 daAuts
     D:2: 1075 daAuts
     D:1: 725 daAuts
     D:4: 21 daAuts
